 Dungeon Crawl Stone Soup version 0.30-a0-591-g3c58d2bc28 (webtiles) character file.

Game seed: 3569570598945777387

300720 Bnni the Hoplite (level 21, 0/132 (177) HPs)
             Began as a Formicid Hexslinger on Jan 4, 2023.
             Was the Champion of Dithmenos.
             Slain by an imperial myrmidon
             ... wielding a +0 scimitar
              (11 damage)
             ... in the Desolation of Salt on Jan 5, 2023.
             The game lasted 02:44:01 (45688 turns).

Bnni the Hoplite (Formicid Hexslinger)             Turns: 45688, Time: 02:44:02

HP:   0/132 (177)   AC: 26    Str: 16    XL:     21   Next: 93%
MP:   9/37          EV: 16    Int: 17    God:    Dithmenos [******]
Gold: 1802          SH: 31    Dex: 23    Spells: 4/44 levels left

rFire   + + +      SeeInvis +    a - +3 arbalest (heavy)
rCold   + . .      Faith    .    I - +2 tower shield {AC+3}
rNeg    + + +      Spirit   .    N - +1 leather armour "Voaq" {rElec rPois rF+ SInv}
rPois   ∞          Reflect  +    (helmet unavailable)
rElec   +          Harm     .    U - scarf {rC+ rF+}
rCorr   .          Rampage  .    y - +2 pair of gloves {Dex+3}
Will    ∞                        J - +2 pair of boots {Fly}
Stlth   +++++++++                p - amulet of reflection
HPRegen 0.42/turn                d - +4 ring of protection
MPRegen 0.25/turn                P - ring "Jimiol" {rF+ Will+ AC+4 Stlth+}

@: ice-armoured, shadow-form, weak-willed, flying, wreathed by umbra, very
heavily drained, invisible
A: shadow resist, half damage, bleed smoke, invisible, permanent stasis, dig
shafts and tunnels, antennae 3, four strong arms
}: 2/15 runes: serpentine, barnacled
a: Dig, End Transformation, Renounce Religion, Shadow Step, Shadow Form


You were in the Desolation of Salt.
You worshipped Dithmenos.
Dithmenos was exalted by your worship.
You were a swirling mass of dark shadows.
You visited 7 branches of the dungeon, and saw 34 of its levels.
You visited 1 bazaar.
You also visited: Bailey and Desolation.

You collected 5695 gold pieces.
You spent 3893 gold pieces at shops.

Inventory:

Hand Weapons
 a - a +3 heavy arbalest (weapon)
 c - a +2 dagger of venom
Missiles
 f - 30 poisoned darts
 Q - a throwing net
Armour
 y - a +2 pair of gloves of dexterity (worn)
 I - a +2 tower shield of protection (worn)
 J - a +2 pair of boots of flying (worn)
 N - the +1 leather armour "Voaq" (worn) {rElec rPois rF+ SInv}
   (You bought it in a shop in a bazaar)

   rF:        It protects you from fire.
   rElec:     It insulates you from electricity.
   rPois:     It protects you from poison.
   SInv:      It lets you see invisible.
 U - a scarf of resistance (worn)
Jewellery
 d - a +4 ring of protection (left hand)
 p - an amulet of reflection (around neck)
 r - a ring of resist corrosion
 u - a ring of protection from cold
 C - a ring of protection from cold
 P - the ring "Jimiol" (right hand) {rF+ Will+ AC+4 Stlth+}
   (You found it on level 4 of the Shoals)

   [ring of protection]

   AC:        It affects your AC (+4).
   rF:        It protects you from fire.
   Will:      It increases your willpower.
   Stlth:     It makes you more stealthy.
Wands
 h - a wand of iceblast (15)
 k - a wand of mindburst (9)
 K - a wand of quicksilver (8)
Scrolls
 b - 7 scrolls of poison
 g - 2 scrolls of fear
 j - 11 scrolls of identify
 m - 3 scrolls of enchant armour
 q - 4 scrolls of vulnerability
 v - 3 scrolls of immolation
 w - a scroll of brand weapon
 x - 3 scrolls of fog
 G - 2 scrolls of torment
 L - 4 scrolls of enchant weapon
 S - a scroll of silence
 T - a scroll of amnesia
Potions
 e - 7 potions of mutation
 i - 2 potions of brilliance
 n - 5 potions of curing
 s - a potion of cancellation
 z - 4 potions of flight
 A - 3 potions of attraction
 B - 7 potions of lignification
 D - 4 potions of magic
 E - 8 potions of might
 F - 2 potions of resistance
 H - 2 potions of invisibility
Miscellaneous
 R - a box of beasts


   Skills:
 + Level 18.0 Fighting
 - Level 18.0 Ranged Weapons
 + Level 9.3 Armour
 + Level 7.0 Dodging
 + Level 21.1 Shields
 - Level 12.0 Spellcasting
 * Level 17.8 Hexes
 - Level 3.0 Necromancy
 - Level 3.0 Translocations
 - Level 6.0 Transmutations
 - Level 3.0 Fire Magic
 - Level 5.0 Ice Magic
 - Level 12.0 Invocations


You had 4 spell levels left.
You knew the following spells:

 Your Spells              Type           Power      Damage    Failure   Level
a - Slow                  Hex            68%        N/A       0%          1
b - Inner Flame           Hex/Fire       11%        N/A       1%          3
c - Portal Projectile     Hex/Tloc       22%        N/A       1%          3
d - Cause Fear            Hex            8%         N/A       1%          4
e - Enfeeble              Hex            8%         N/A       8%          7
f - Ozocubu's Armour      Ice            6%         N/A       4%          3
g - Summon Guardian Gole  Hex/Summ       10%        N/A       1%          3
h - Anguish               Hex/Necr       5%         N/A       1%          4
i - Yara's Violent Unrav  Hex/Tmut       6%         3d5       2%          5
m - Metabolic Englaciati  Hex/Ice        6%         N/A       3%          5
w - Wereblood             Tmut           7%         N/A       1%          2

Your spell library contained the following spells:

 Spells                   Type           Power      Damage    Failure   Level
 Beastly Appendage        Tmut           14%        N/A       1%          1
 Ensorcelled Hibernation  Hex/Ice        24%        N/A       1%          2
 Confusing Touch          Hex            17%        N/A       1%          3
 Fulminant Prism          Conj/Hex       5%         3d7       3%          4
 Kiss of Death            Conj/Necr      12%        2d6       7%          1
 Gell's Gravitas          Tloc           5%         N/A       12%         3
 Spider Form              Tmut/Pois      5%         N/A       12%         3
 Teleport Other           Tloc           5%         N/A       12%         3
 Vampiric Draining        Necr           5%         2d6       12%         3
 Magic Dart               Conj           8%         1d3       13%         1
 Summon Small Mammal      Summ           8%         N/A       13%         1
 Searing Ray              Conj           4%         2d4       21%         2
 Call Canine Familiar     Summ           2%         N/A       36%         3
 Stone Arrow              Conj/Erth      4%         3d7       36%         3
 Animate Dead             Necr           5%         N/A       36%         4
 Dispel Undead            Necr           5%         3d7       36%         4
 Petrify                  Tmut/Erth      5%         N/A       36%         4
 Summon Ice Beast         Ice/Summ       4%         N/A       43%         4
 Animate Armour           Summ/Erth      4%         N/A       78%         4
 Summon Mana Viper        Hex/Summ       10%        N/A       10%         5
 Summon Forest            Summ/Tloc      1%         N/A       89%         5
 Simulacrum               Ice/Necr       2%         N/A       98%         6
 Dispersal                Tloc           2%         N/A       99%         6
 Eringya's Noxious Bog    Tmut/Pois      2%         N/A       99%         6
 Statue Form              Tmut/Erth      3%         N/A       99%         6
 Haunt                    Necr/Summ      1%         N/A       100%        7
 Monstrous Menagerie      Summ           1%         N/A       100%        7
 Orb of Destruction       Conj           1%         9d5       100%        7
 Ozocubu's Refrigeration  Ice            3%         4d8       100%        7
 Spellforged Servitor     Conj/Summ      1%         N/A       100%        7
 Summon Hydra             Summ           1%         N/A       100%        7
 Infestation              Necr           2%         N/A       100%        8
 Lehudib's Crystal Spear  Conj/Erth      1%         10d2      100%        8


Dungeon Overview and Level Annotations

Branches:
Dungeon (15/15)            Temple (1/1) D:6            Lair (5/5) D:9
 Shoals (4/4) Lair:3        Snake (4/4) Lair:2        Slime (0/5) Lair:4
    Orc (2/2) D:9             Elf (0/3) Orc:2        Vaults (3/5) D:14
  Crypt (0/3) Vaults:3     Depths (0/4) D:15         Bailey (visited)
Desolation (1/1)

Altars:
Ashenzari
Cheibriados
Dithmenos
Elyvilon
Fedhas
Gozag
Hepliaklqana
Kikubaaqudgha
Makhleb
Nemelex Xobeh
Okawaru
Qazlal
Ru
Sif Muna
Trog
Uskayaw
Vehumet
Wu Jian
Xom
Yredelemnul
Zin
The Shining One
Jiyva

Shops:
D:4 [   D:6 (   D:10 *   D:13 *   Orc:2 ?!:?(   Snake:2 ([(*   Snake:3 =

Portals:
Trove: D:12 (give +5 demon whip)


Innate Abilities, Weirdness & Mutations

You are a swirling mass of dark shadows.
You are immune to unholy torment and to willpower attacks.
Damage taken is halved, but you are drained when taking damage.
Your attacks are insubstantial and do half damage.
You bleed smoke when taking damage.
You are invisible.
You are immune to poison.
Your spellcasting is less reliable in this form.
You cannot be hasted, slowed, berserked, paralysed or teleported.
You can dig through walls and to a lower floor.
You have a pair of large antennae on your head. (SInv)
Your four strong arms can wield two-handed weapons with a shield.


Message History

You feel better.
The imperial myrmidon completely misses you.
The saltling barely misses you. You block the saltling's attack.
The servant of whispers misses you.
You block the imperial myrmidon's attack.
Casting: Anguish (mildly dangerous; 1% risk of failure)
Confirm with . or Enter, or press ? or * to list all spells.
You feel an extremely numb sensation. A film of ice covers your body!
The saltling misses you. You block the saltling's attack.
The imperial myrmidon closely misses you.
You block the servant of whispers's attack.
Fire: a) +3 arbalest (heavy)
Press: ? - help, Shift-Dir - straight line, f/p - servant of whispers
Aim: a servant of whispers, wielding a +0 quarterstaff and wearing a +2 leather armour of cold resistance (black smoke, heavily wounded, unable to see you, umbra, 72% to hit)
You shoot a bolt.
The bolt misses the servant of whispers.
The bolt hits the peacekeeper but does no damage.
You block the saltling's attack. x2
You block the imperial myrmidon's attack.
The servant of whispers hits you but does no damage.
The saltling misses you. The saltling barely misses you.
The imperial myrmidon hits you with a +0 scimitar!
* * * LOW HITPOINT WARNING * * *
You emit a cloud of dark smoke.
You feel drained.
Fire: a) +3 arbalest (heavy)
Press: ? - help, Shift-Dir - straight line, f/p - servant of whispers
Aim: a servant of whispers, wielding a +0 quarterstaff and wearing a +2 leather armour of cold resistance (black smoke, heavily wounded, unable to see you, umbra, 72% to hit)
You shoot a bolt.
The bolt hits the servant of whispers but does no damage.
The servant of whispers is heavily wounded.
Your shadow shoots a bolt.
The bolt barely misses the servant of whispers.
You block the servant of whispers's attack.
You block the saltling's attack. x2
The imperial myrmidon completely misses you.
You block the servant of whispers's attack.
The saltling hits you but does no damage.
You block the saltling's attack.
The imperial myrmidon hits you with a +0 scimitar!!
You die...

###############
###############
################
########################
########################
########################
########################
.....§§Wa9§.............
.....§9a9§§.............
.....§§9§.§.#........#..
...)...§§§§....)........
.9..§..§§§#§§§§#........
..........§............#
..8.....)...............
........................
....................##..


You could see a servant of whispers (unable to see you), an imperial myrmidon
(unable to see you), a peacekeeper and 3 saltlings.

Vanquished Creatures
  Nikola (Shoals:2)
  Jorgrun (Shoals:1)
  Asterion (Vaults:2)
  A kraken (Shoals:3)
  Frances (D:15)
  2 sphinxes (Vaults:2)
  Kirke (Snake:1)
  Ilsuiw (Shoals:3)
  The ghost of fly the Fencer, an adept DgDe (Shoals:4)
  Roxanne (Shoals:1)
  16 nagarajas
  Aizul (Snake:1)
  4 vault wardens
  The ghost of Tootamny the Severer, a journeyman MiBe of Trog (D:14)
  A deep elf sorcerer (Vaults:2)
  Louise (Shoals:1)
  7 very ugly things
  2 angels (Vaults:3)
  4 ironbound preservers
  A stone giant (Vaults:1)
  An ironbound thunderhulk (Vaults:3)
  A halazid warlock (Desolation)
  3 dire elephants
  The ghost of Bolaziuv the Carver, a journeyman DgDe (D:13)
  3 merfolk javelineers
  Josephine (Lair:3)
  6 merfolk impalers
  A ragged hierophant (Desolation)
  3 salamander tyrants (Snake:4)
  7 yaktaur captains
  An ice dragon (Snake:3)
  3 peacekeepers (Desolation)
  3 great orbs of eyes
  4 ironbound frosthearts
  An ogre mage (D:14)
  15 vault guards
  A servant of whispers (Desolation)
  Harold (Lair:2)
  7 boulder beetles
  9 hydras
  18 centaur warriors
  2 merfolk avatars
  11 anacondas
  A catoblepas (Lair:1)
  4 merfolk aquamancers
  3 two-headed ogres (D:12)
  3 satyrs
  16 naga warriors
  11 naga sharpshooters
  9 shock serpents
  An orc high priest (Orc:2)
  The ghost of Thjof the Trooper, a novice OgTm of Elyvilon (D:7)
  The ghost of degerharde the Cleaver, a novice MiBe of Trog (D:8)
  Nergalle (Orc:1)
  4 salamander mystics
  A flayed ghost (D:14)
  14 sea snakes
  10 naga ritualists
  16 deep trolls
  4 swamp dragons (D:15)
  11 ironbound convokers
  2 wizards
  2 necromancers
  22 mana vipers
  3 orc knights
  6 lindwurms
  28 harpies
  A sphinx zombie (Vaults:1)
  14 ugly things
  10 cyclopes
  4 deep elf pyromancers
  2 human zombies (Vaults:1)
  9 fauns
  2 orc sorcerers (D:15)
  An oklob plant (Lair:3)
  A frost giant zombie (Vaults:1)
  7 salamanders
  12 elephants
  12 manticores
  10 merfolk sirens
  47 black mambas
  Maurice (Orc:1)
  5 vault sentinels
  An ice statue (Snake:3)
  7 guardian serpents
  7 water nymphs
  9 cane toads
  27 naga magi
  2 centaur skeletons (D:15)
  2 rime drakes
  3 unseen horrors (D:12)
  25 yaktaurs
  9 komodo dragons
  A yaktaur zombie (Vaults:1)
  3 tengu conjurers
  A yaktaur skeleton (Vaults:1)
  A freezing wraith (D:15)
  An efreet (D:12)
  A human skeleton (Vaults:1)
  A polar bear (shapeshifter) (D:12)
  6 trolls
  16 merfolk
  3 meliai (D:15)
  5 polar bears
  15 saltlings (Desolation)
  7 hornets
  6 wind drakes
  6 snapping turtles
  5 blink frogs (Lair:5)
  10 dream sheep
  Sigmund (D:2)
  20 slime creatures
  15 spriggans
  2 centaur simulacra
  A shadow (D:11)
  12 water elementals
  7 wraiths
  6 wyverns
  5 hogs (Snake:1)
  50 yaks
  3 basilisks
  8 redbacks (D:15)
  7 vampire mosquitoes
  3 steam dragons
  55 nagas
  3 wargs
  A swamp worm (shapeshifter) (Vaults:2)
  2 acid dragons
  14 water moccasins
  28 orc warriors
  An ettin simulacrum (Vaults:1)
  An ice beast (D:7)
  7 black bears
  A sky beast (D:7)
  11 ogres
  8 boggarts
  20 wolves
  24 centaurs
  2 phantoms (D:6)
  2 kobold brigands
  A lemure (D:8)
  A necrophage (D:4)
  2 scorpions
  15 bullfrogs
  3 gnoll sergeants
  10 wights
  23 killer bees
  5 howler monkeys
  An electric eel (Snake:4)
  10 orc priests
  5 hounds
  2 jellies
  5 iguanas
  A boggart zombie (D:15)
  25 orc wizards
  4 hell rats (Lair:5)
  24 gnolls
  11 adders
  A shadow imp (D:6)
  2 dart slugs
  2 worms (D:2)
  90 orcs
  2 ball pythons
  8 bats
  6 endoplasms
  5 giant cockroaches
  12 goblins
  6 hobgoblins
  3 quokkas
  5 frilled lizards
  13 kobolds
  7 rats
  A butterfly (Lair:2)
  3 tentacles (Shoals:3)
1278 creatures vanquished.

Vanquished Creatures (others)
  A tengu reaver (D:14)
  A vault warden (Vaults:2)
  2 orc warlords
  An ironbound preserver (Vaults:1)
  A very ugly thing (Vaults:1)
  2 dire elephants (Vaults:2)
  A merfolk javelineer (Shoals:4)
  A centaur warrior (D:13)
  2 deep trolls (Vaults:1)
  The ghost of semem the Changer, a novice OpTm of Gozag (D:7)
  A lindwurm (Vaults:1)
  Pikel (D:8)
  A harpy (Shoals:2)
  A mana viper (Snake:4)
  An ironbound convoker (Vaults:2)
  A necromancer (Vaults:1)
  2 orc knights (Orc:1)
  An ugly thing (Vaults:1)
  A salamander (Snake:2)
  2 manticores
  A gargoyle (D:12)
  2 saltlings (Desolation)
  A slime creature (D:12)
  7 orc warriors
  A wolf (Lair:2)
  An orc priest (Orc:2)
  7 orcs (Orc:2)
  50 fungi
  99 plants
  17 tentacles (Shoals:3)
  5 toadstools (D:9)
216 creatures vanquished.

Grand Total: 1494 creatures vanquished

Notes
Turn   | Place    | Note
-------+----------+-------------------------------------------
     0 | D:1      | Bnni the Formicid Hexslinger began the quest for the Orb.
     0 | D:1      | Reached XP level 1. HP: 15/15 MP: 2/2
   105 | D:1      | Reached XP level 2. HP: 21/21 MP: 3/3
   466 | D:1      | Reached skill level 1 in Fire Magic
   510 | D:1      | Reached XP level 3. HP: 26/26 MP: 4/4
   514 | D:1      | Learned a level 3 spell: Inner Flame
   826 | D:2      | Noticed Sigmund
   913 | D:2      | Killed Sigmund
   914 | D:2      | Reached skill level 1 in Shields
   914 | D:2      | Reached XP level 4. HP: 7/33 MP: 3/7
   914 | D:2      | Reached XP level 5. HP: 8/38 MP: 3/8
   914 | D:2      | Reached XP level 6. HP: 9/44 MP: 3/9
   968 | D:2      | Learned a level 4 spell: Cause Fear
  1080 | D:2      | Noticed a golden eye
  1081 | D:2      | Found a faded altar of an unknown god.
  1137 | D:2      | Noticed a floating eye
  1141 | D:2      | Noticed a great orb of eyes
  1151 | D:2      | Noticed a golden eye
  1491 | D:2      | Reached skill level 5 in Hexes
  1687 | D:3      | Found a shimmering blue altar of Sif Muna.
  1847 | D:3      | Noticed an orc warrior
  1850 | D:3      | Reached skill level 2 in Shields
  2882 | D:3      | Killed an orc warrior
  2883 | D:3      | Reached XP level 7. HP: 51/51 MP: 1/10
  2992 | D:4      | Found Rer Omos's Armour Shop.
  3638 | D:4      | Learned a level 3 spell: Portal Projectile
  3676 | D:4      | Reached skill level 3 in Shields
  3927 | D:4      | Reached XP level 8. HP: 41/55 MP: 8/12
  4332 | D:5      | Entered Level 5 of the Dungeon
  4554 | D:5      | Reached skill level 4 in Shields
  4623 | D:5      | Noticed a hornet
  4633 | D:5      | Killed a hornet
  4634 | D:5      | Reached skill level 5 in Ranged Weapons
  4654 | D:5      | Reached skill level 5 in Shields
  4896 | D:5      | Reached XP level 9. HP: 51/65 MP: 13/13
  5051 | D:5      | Learned a level 3 spell: Summon Guardian Golem
  5061 | D:5      | Reached skill level 6 in Shields
  5389 | D:6      | Found a staircase to the Ecumenical Temple.
  5398 | Temple   | Entered the Ecumenical Temple
  5652 | D:4      | Bought a +2 pair of gloves of dexterity for 258 gold pieces
  5930 | D:6      | Found a shadowy altar of Dithmenos.
  5934 | D:6      | Became a worshipper of Dithmenos the Shadowed
  5937 | D:6      | Found a radiant altar of Vehumet.
  5938 | D:6      | Found a sacrificial altar of Ru.
  5938 | D:6      | Found a shimmering altar of Xom.
  5989 | D:6      | Found Loilif's Antique Weapon Shop.
  6142 | D:6      | Reached skill level 7 in Shields
  6163 | D:6      | Identified the +0 robe "Duwyucw" {rF+ Str+4}
  6428 | D:7      | Reached skill level 5 in Fighting
  6438 | D:7      | Reached * piety under Dithmenos
  6595 | D:7      | Reached XP level 10. HP: 28/74 MP: 4/14
  6962 | D:7      | Reached skill level 8 in Shields
  7102 | D:7      | Found a runed translucent gate.
  7102 | D:7      | Found a runed translucent gate.
  7102 | D:7      | Found a runed translucent gate.
  7123 | D:7      | Found a broken altar of Ashenzari.
  7159 | D:7      | Noticed semem's ghost (novice OpTm)
  7160 | D:7      | Noticed Thjof's ghost (novice OgTm)
  7235 | D:7      | Reached skill level 9 in Shields
  7659 | D:7      | Killed semem's ghost
  7665 | D:7      | Killed Thjof's ghost
  7666 | D:7      | Reached skill level 10 in Shields
  7902 | D:8      | Noticed Pikel
  7916 | D:8      | Killed Pikel
  7917 | D:8      | Reached XP level 11. HP: 65/83 MP: 0/15
  7941 | D:8      | Found a flagged portal.
  8037 | Bailey   | Entered a bailey
  8120 | Bailey   | Reached ** piety under Dithmenos
  8391 | Bailey   | Noticed an orc knight
  8398 | Bailey   | Killed an orc knight
  8399 | Bailey   | Reached skill level 11 in Shields
  8476 | Bailey   | Reached skill level 16 in Shields
  8476 | Bailey   | Reached XP level 12. HP: 91/91 MP: 16/16
  8500 | D:8      | Found a runed translucent door.
  8501 | D:8      | Noticed degerharde's ghost (novice MiBe)
  8501 | D:8      | Identified the +5 spear "Sielad" {freeze, rElec rN+}
  9008 | D:8      | Killed degerharde's ghost
  9009 | D:8      | Reached skill level 1 in Translocations
  9223 | D:9      | Found a staircase to the Orcish Mines.
  9417 | D:4      | Bought a +2 pair of boots of flying for 258 gold pieces
  9540 | D:9      | Reached skill level 10 in Ranged Weapons
  9825 | D:9      | Reached *** piety under Dithmenos
  9936 | D:9      | Found a staircase to the Lair.
 10126 | D:10     | Entered Level 10 of the Dungeon
 10173 | D:10     | Learned a level 3 spell: Confusing Touch
 10285 | D:10     | Identified a scroll of acquirement
 10286 | D:10     | Acquired 729 gold pieces
 10571 | D:10     | Found Qanamox's General Store.
 10578 | D:10     | Bought a book of Dreams for 336 gold pieces
 11191 | D:11     | Noticed a centaur warrior
 11210 | D:11     | Killed a centaur warrior
 11552 | D:11     | You are sucked into a shaft and drop 3 floors!
 11563 | D:14     | Found a runed translucent gate.
 11563 | D:14     | Found a runed translucent gate.
 11621 | D:14     | Noticed a centaur warrior
 11788 | D:13     | Noticed a centaur warrior
 11792 | D:13     | Killed a centaur warrior
 11793 | D:13     | Reached XP level 13. HP: 88/98 MP: 19/19
 12077 | D:14     | Killed a centaur warrior
 12084 | D:14     | Noticed a centaur warrior
 12093 | D:14     | Killed a centaur warrior
 12103 | D:14     | Reached **** piety under Dithmenos
 12337 | D:14     | Learned a level 4 spell: Anguish
 12376 | D:13     | Reached skill level 5 in Spellcasting
 12475 | D:13     | Reached skill level 1 in Necromancy
 12572 | D:13     | Noticed a centaur warrior
 12581 | D:13     | Killed a centaur warrior
 13133 | D:11     | Reached skill level 17 in Shields
 13612 | D:11     | Acquired 576 gold pieces
 13703 | D:12     | Noticed Frances
 13826 | D:12     | Found a runed translucent door.
 13888 | D:12     | Found a runed translucent door.
 14120 | D:12     | Learned a level 2 spell: Wereblood
 14158 | D:12     | Reached skill level 1 in Transmutations
 14583 | D:12     | Found a portal to a secret trove of treasure.
 14774 | D:12     | Reached XP level 14. HP: 76/108 MP: 23/23
 14781 | D:12     | Identified the +1 ring mail of Pride {rPois Will+ Str-2
                  | Dex+6}
 14815 | D:12     | Reached ***** piety under Dithmenos
 15166 | D:12     | Reached skill level 1 in Invocations
 15601 | D:13     | Noticed Bolaziuv's ghost (journeyman DgDe)
 15604 | D:13     | Found a runed translucent door.
 15635 | D:13     | Killed Bolaziuv's ghost
 15906 | D:13     | Reached skill level 10 in Fighting
 16216 | D:13     | Found Afugi's Assorted Antiques.
 16229 | D:13     | Bought a scroll of acquirement for 1196 gold pieces
 16229 | D:13     | Bought a potion of heal wounds for 115 gold pieces
 16457 | D:12     | Acquired 738 gold pieces
 16799 | Lair:1   | Entered Level 1 of the Lair of Beasts
 16933 | Lair:1   | Reached skill level 18 in Shields
 17471 | Lair:1   | You are sucked into a shaft and drop 1 floor!
 18132 | Lair:2   | Found a staircase to the Snake Pit.
 18147 | Lair:2   | Noticed Harold
 18161 | Lair:2   | Killed Harold
 18245 | Lair:2   | Reached skill level 1 in Ice Magic
 19054 | Lair:3   | Reached XP level 15. HP: 109/117 MP: 24/24
 19090 | Lair:3   | Found a staircase to the Shoals.
 19095 | Lair:3   | Reached skill level 5 in Invocations
 20286 | Lair:4   | Found a viscous altar of Jiyva.
 20286 | Lair:4   | Found a staircase to the Slime Pits.
 20912 | Lair:5   | Entered Level 5 of the Lair of Beasts
 21439 | Lair:5   | Reached ****** piety under Dithmenos
 21577 | Lair:5   | Reached skill level 10 in Hexes
 22074 | Lair:5   | Learned a level 5 spell: Yara's Violent Unravelling
 22537 | Lair:5   | Reached skill level 5 in Transmutations
 22794 | Orc:1    | Entered Level 1 of the Orcish Mines
 22813 | Orc:1    | Reached XP level 16. HP: 97/126 MP: 24/27
 22962 | Orc:1    | Noticed Nergalle
 22977 | Orc:1    | Killed Nergalle
 22998 | Orc:1    | Noticed Maurice
 23001 | Orc:1    | Killed Maurice
 23255 | Orc:2    | Entered Level 2 of the Orcish Mines
 23284 | Orc:2    | Found a flickering gateway to a bazaar.
 23298 | Bazaar   | Entered a bazaar
 23298 | Bazaar   | Found Qirchutt's Weapon Boutique.
 23298 | Bazaar   | Found Gyxud's Armour Shop.
 23298 | Bazaar   | Found Zyibreila's Antique Weapon Shop.
 23308 | Bazaar   | Bought the +1 leather armour "Voaq" {rElec rPois rF+ SInv}
                  | for 254 gold pieces
 23393 | Orc:2    | Reached skill level 15 in Ranged Weapons
 23559 | Orc:2    | Found Puddum's Weapon Boutique.
 23576 | Orc:2    | Found a staircase to the Elven Halls.
 24009 | Orc:1    | HP: 6/125 [orc knight/bolt (14)]
 24286 | Orc:1    | Reached skill level 1 in Armour
 24748 | Orc:2    | Found Poc Siklass's Book Emporium.
 24748 | Orc:2    | Found Eggyrat's Distillery.
 24748 | Orc:2    | Found Gafy's Magic Scroll Shop.
 24751 | Orc:2    | Found Catach's Magic Scroll Shoppe.
 24897 | Orc:2    | Bought a book of Beasts for 456 gold pieces
 24897 | Orc:2    | Bought a manual of Fighting for 960 gold pieces
 25070 | Snake:1  | Entered Level 1 of the Snake Pit
 25655 | Snake:1  | Learned a level 3 spell: Ozocubu's Armour
 25850 | Snake:1  | Noticed Kirke
 26080 | Snake:1  | Killed Kirke
 26579 | Snake:2  | Noticed Aizul
 26593 | Snake:1  | Killed Aizul
 26819 | Snake:2  | Reached XP level 17. HP: 100/135 MP: 16/29
 27320 | Snake:2  | Found Ruxitt's Antique Weapon Shoppe.
 27320 | Snake:2  | Found Kainump's Weapon Shoppe.
 27324 | Snake:2  | Found Toterut's Assorted Antiques.
 27324 | Snake:2  | Found Couron's Antique Armour Shoppe.
 27615 | Snake:3  | Reached skill level 5 in Armour
 27983 | Orc:2    | Bought a scroll of amnesia for 60 gold pieces
 27990 | Orc:2    | Learned a level 5 spell: Metabolic Englaciation
 28950 | Snake:3  | Upgraded the game from 0.30-a0-587-gfd7c166f36 to
                  | 0.30-a0-591-g3c58d2bc28
 29450 | Snake:3  | Found Noystr Quhang's One-of-a-Kind Rings.
 29597 | Snake:4  | Entered Level 4 of the Snake Pit
 30261 | Snake:4  | Reached XP level 18. HP: 146/146 MP: 31/31
 30552 | Snake:4  | Reached skill level 5 in Ice Magic
 31024 | Snake:4  | Reached skill level 10 in Invocations
 31481 | Snake:4  | Reached skill level 10 in Spellcasting
 31519 | Snake:4  | Got a serpentine rune of Zot
 31626 | Snake:4  | Reached skill level 15 in Fighting
 32184 | Snake:4  | Reached skill level 19 in Shields
 32529 | Shoals:1 | Entered Level 1 of the Shoals
 32529 | Shoals:1 | Noticed Roxanne
 32534 | Shoals:1 | Killed Roxanne
 32534 | Shoals:1 | Noticed Josephine
 32541 | Lair:3   | Killed Josephine
 32672 | Shoals:1 | Noticed Jorgrun
 32677 | Shoals:1 | Killed Jorgrun
 33215 | Shoals:1 | Reached XP level 19. HP: 156/156 MP: 33/33
 33252 | Shoals:1 | Noticed Louise
 33334 | Shoals:1 | Killed Louise
 33767 | Shoals:2 | Noticed Nikola
 34264 | Shoals:2 | Killed Nikola
 35643 | Shoals:3 | Noticed Ilsuiw
 35664 | Shoals:3 | Killed Ilsuiw
 36380 | Shoals:4 | Entered Level 4 of the Shoals
 37181 | Shoals:4 | Identified the ring "Jimiol" {rF+ Will+ AC+4 Stlth+}
 37292 | Shoals:4 | Found Okkahot's Armour Shop.
 37494 | Shoals:4 | Got a barnacled rune of Zot
 37510 | Shoals:4 | Found a runed translucent door.
 37511 | Shoals:4 | Noticed fly's ghost (adept DgDe)
 37634 | Shoals:4 | Reached XP level 20. HP: 110/167 MP: 22/34
 38304 | Shoals:4 | Killed fly's ghost
 38306 | Shoals:4 | Reached skill level 15 in Hexes
 38432 | Shoals:4 | Learned a level 7 spell: Enfeeble
 38931 | D:14     | Identified the ring "Gacap" {Fire Dex+3 SInv}
 38946 | D:14     | Found a gate to the Vaults.
 39079 | D:14     | Found a white marble altar of Elyvilon.
 39116 | D:14     | Found a runed translucent gate.
 39118 | D:14     | Found an opulent altar of Gozag.
 39120 | D:14     | Noticed Tootamny's ghost (journeyman MiBe)
 39253 | D:14     | Killed Tootamny's ghost
 39565 | D:15     | Entered Level 15 of the Dungeon
 39573 | D:15     | Killed Frances
 39783 | D:15     | Reached skill level 20 in Shields
 40129 | D:15     | Found a staircase to the Depths.
 40654 | Vaults:1 | Entered Level 1 of the Vaults
 41054 | Vaults:1 | Reached skill level 5 in Dodging
 41719 | Vaults:1 | Reached XP level 21. HP: 49/175 MP: 17/37
 42771 | Vaults:2 | HP: 8/165 [ironbound frostheart/creeping frost (11)]
 43212 | Vaults:2 | Noticed Asterion
 43221 | Vaults:2 | Killed Asterion
 44119 | Vaults:2 | HP: 7/168 [dire elephant (13)]
 44129 | Vaults:2 | HP: 6/157 [dire elephant (6)]
 45006 | Vaults:3 | Reached skill level 21 in Shields
 45130 | Vaults:3 | Found a crumbling gateway.
 45136 | Vaults:3 | Found a white marble altar of Elyvilon.
 45136 | Vaults:3 | Found a glowing golden altar of the Shining One.
 45136 | Vaults:3 | Found a glowing silver altar of Zin.
 45168 | Desolati | Entered the Desolation of Salt
 45651 | Desolati | HP: 6/170 [saltling (13)]
 45664 | Desolati | HP: 8/168 [servant of whispers/+0 quarterstaff (1)]
 45675 | Desolati | HP: 3/153 [imperial myrmidon/+0 scimitar (7)]
 45681 | Desolati | HP: 6/140 [servant of whispers/+0 quarterstaff (3)]
 45688 | Desolati | Slain by an imperial myrmidon

Illustrated notes

Levels and vault maps discovered:
D:1:      dpeg_chamrin_arrival_tetris, layout_loops_ring,
          minmay_misc_feat_secret_circle, grunt_decor_fettered
D:2:      layout_basic, hellmonk_ecumenical_altar_watching_god, uniq_sigmund
D:3:      layout_loops_ring, mainiacjoe_overflow_alcove_1
D:4:      layout_loops_corners, serial_shops, shop_statue, minmay_circle_x
D:5:      layout_loops_ring, serial_park_tiny_2, columned_hall_lemuel,
          minivault_11, minmay_misc_feat_tower
D:6:      layout_basic, minitemple, minmay_temple_entry_junction, serial_shops,
          shop
D:7:      layout_basic, old_standard_altar, gammafunk_ghost_cemetery,
          serial_curves, eino_curves_03, eino_curves_02
D:8:      layout_cave_pools, enter_bailey_3, ebering_ghost_funeral_grove,
          serial_glass, glass_columns_a, glass_columns_a, uniq_pikel
D:9:      layout_big_octagon, due_lair_maze_entry_diamond, orc_0_dummy,
          minmay_gold_behind_fungi, nicolae_two_hexagons
D:10:     layout_roguey, serial_shops, shop
D:11:     layout_basic
D:12:     cheibrodos_histonic, layout_cave_pools, nicolae_trove_entry_diagonal,
          uniq_frances
D:13:     layout_basic, serial_shops, nicolae_diamond_shop,
          hellmonk_ghost_happy_afterlife
D:14:     layout_long_grid, grunt_vaults_entry_fortified, elyvilon_altar_3,
          ebering_ghost_gozag, minmay_fountain_box
D:15:     grunt_enter_depths_magical_seal, layout_small_grid,
          minmay_misc_feat_cross, drop_trap, pond
Temple:   eino_temple_scatter_basement
Lair:1:   layout_loops_ring, serial_bayou_shore_a, grunt_megastairs_3,
          lemuel_fruit_fields
Lair:2:   layout_hall_layers, dummy_snake_entry, dreamdust_deal_with_the_devil,
          lemuel_fruit_fields, uniq_harold
Lair:3:   layout_gridlike, nicolae_shoals_entry_roost,
          nicolae_quartered_pool_impasse, grunt_megastairs_1
Lair:4:   layout_roguey, dpeg_slime_entry_enclosed, grunt_megastairs_5,
          infiniplex_staircase_pool_2
Lair:5:   minmay_lair_end_enchanted_forest, layout_small_grid
Shoals:1: layout_shoals, uniq_jorgrun, uniq_josephine, uniq_louise, uniq_roxanne
Shoals:2: layout_shoals, uniq_nikola
Shoals:3: layout_shoals, uniq_ilsuiw
Shoals:4: shoals_end_hangedman, layout_shoals, ebering_ghost_inner_flame,
          serial_shops, shop
Snake:1:  cheibrodos_forgotten_conduit, layout_misc_corridors, uniq_kirke
Snake:2:  layout_basic, minmay_shop_grid_forest, nicolae_snake_lava_pool,
          uniq_aizul
Snake:3:  cheibrodos_snake_ritualist_ritual, layout_misc_corridors,
          portal_ice_cave_entry_ice_statue_two, st_stairs_10,
          nicolae_shop_unique_rings, hangedman_snake_thin_pillar_pass
Snake:4:  grunt_snake_rune_spirals, layout_onion, serial_bayou_pond_b
Orc:1:    layout_diamond_mine, uniq_fannar, uniq_nergalle, uniq_maurice
Orc:2:    st_orc_rangers, layout_caves, serial_shops, freezing_bzr, shop,
          basic_altar
Vaults:1: vaults_dpeg_doors, ontoclasm_vaults_spin,
          hangedman_vaults_corner_blocks, nicolae_vaults_rhombus_7,
          ontoclasm_vaults_ring_large, vaults_room_grunt_arrival_ludios,
          v_misc_25, nicolae_vaults_theta, vaults_room_grunt_arrival_checkpoint,
          vaults_room_grid, v_misc_2, v_rooms_5, layout_vaults_maze_bifur
Vaults:2: v_alt_pattern_4, ontoclasm_vaults_bender, nicolae_vaults_what_the_h,
          ontoclasm_vaults_gateway, dpeg_vaults_monster_box,
          ontoclasm_vaults_decontamination, vaults_room_guarded_vault,
          layout_vaults_omnigrid, uniq_asterion
Vaults:3: portal_desolation_entry_holy_temple, v_alt_pattern_1,
          minmay_crypt_entry_vampire_xt, v_misc_13, vaults_room_grid,
          v_pattern_5, v_misc_2, v_misc_18, vaults_room_pools,
          hangedman_vaults_stitches, nicolae_vaults_little_ls, st_spiral_rooms,
          layout_vaults_ring
Desolation

Skill      XL: |  1  2  3  4  5  6  7  8  9 10 11 12 13 14 15 16 17 18 19 20 21 |
---------------+----------------------------------------------------------------+-----
Fire Magic     | 1 2 3 |  3.0
Hexes          | 4 5 6 7 9 10 11 12 13 14 16 17 | 17.8
Fighting       | 2 3 5 6 7 8 9 10 11 12 14 15 16 17 18 | 18.0
Ranged Weapons | 3 4 5 7 9 10 12 13 14 15 16 17 18 | 18.0
Shields        | 1 2 3 5 7 10 16 17 18 19 20 21 | 21.1
Spellcasting   | 2 3 4 6 7 8 9 10 12 | 12.0
Translocations | 3 |  3.0
Necromancy     | 3 |  3.0
Transmutations | 2 3 5 6 |  6.0
Invocations    | 4 6 8 9 10 11 12 | 12.0
Dodging        | 2 3 5 7 |  7.0
Ice Magic      | 1 4 5 |  5.0
Armour         | 4 5 6 7 9 |  9.3

Action                   |  1- 3 |  4- 6 |  7- 9 | 10-12 | 13-15 | 16-18 | 19-21 || total
-------------------------+-------+-------+-------+-------+-------+-------+-------++-------
Melee: Dagger            |       |       |       |       |    10 |       |       ||    10
       Arbalest          |       |       |       |       |       |       |     2 ||     2
 Fire: Sling             |    77 |   128 |   186 |       |       |       |       ||   391
       Arbalest          |       |       |   210 |   441 |  1096 |   978 |   991 ||  3716
Throw: Dart              |       |     6 |     2 |     1 |       |       |       ||     9
       Throwing net      |       |       |       |       |       |     3 |     1 ||     4
 Cast: Inner Flame       |     2 |     7 |     4 |    15 |    14 |    21 |    26 ||    89
       Slow              |       |     5 |     7 |     4 |     3 |     1 |       ||    20
       Cause Fear        |       |     1 |     1 |     2 |    16 |    11 |    16 ||    47
       Portal Projectile |       |       |     2 |     7 |    11 |    14 |    24 ||    58
       Summon Guardian G |       |       |       |     3 |     5 |     7 |    18 ||    33
       Anguish           |       |       |       |       |    16 |    14 |    11 ||    41
       Wereblood         |       |       |       |       |    14 |    17 |     9 ||    40
       Confusing Touch   |       |       |       |       |     1 |       |       ||     1
       Metabolic Englaci |       |       |       |       |       |    22 |    26 ||    48
       Ozocubu's Armour  |       |       |       |       |       |     4 |    11 ||    15
       Yara's Violent Un |       |       |       |       |       |       |     2 ||     2
       Enfeeble          |       |       |       |       |       |       |    11 ||    11
Invok: Shadow Form       |       |       |       |       |       |       |     6 ||     6
 Abil: Dig               |       |       |       |     4 |     3 |     6 |     3 ||    16
  Use: Potion            |       |     1 |     1 |     2 |     3 |     8 |    18 ||    33
       Scroll            |       |       |     9 |     8 |     7 |     7 |     4 ||    35
Armor: Robe              |     3 |    26 |   106 |    78 |   189 |    74 |       ||   476
       Leather armour    |       |       |       |       |       |   181 |   282 ||   463
Dodge: Dodged            |    19 |    59 |   146 |   141 |   508 |   375 |   403 ||  1651
       Repelled          |       |       |     2 |       |       |       |       ||     2
Block: Kite shield       |       |       |   150 |   256 |   725 |   495 |       ||  1626
       Tower shield      |       |       |       |       |       |   376 |  1416 ||  1792
       Reflection        |       |       |       |       |       |    72 |   130 ||   202

Table legend: (Time is in decaauts)
 A = Elapsed time spent in this place.
 B = Non-inter-level travel time spent in this place.
 C = Inter-level travel time spent in this place.
 D = Time resting spent in this place.
 E = Time spent auto-exploring this place.
 F = Levels seen in this place.
 G = Mean time per level.
                   A        B        C        D        E       F      G
               +--------+--------+--------+--------+--------+-----+--------+
         Total |  47707 |  44812 |   2895 |  11883 |  22532 |  37 | 1289.4 |
       Dungeon |  19068 |  17687 |   1381 |   4510 |   9307 |  15 | 1271.2 |
        Temple |    149 |    142 |      7 |      0 |    126 |   1 |  149.0 |
          Lair |   6494 |   5964 |    530 |    409 |   4390 |   5 | 1298.8 |
        Shoals |   6193 |   5943 |    250 |   1326 |   3547 |   4 | 1548.2 |
     Snake Pit |   7592 |   7202 |    390 |   2902 |   2022 |   4 | 1898.0 |
  Orcish Mines |   2323 |   2081 |    242 |    651 |    981 |   2 | 1161.5 |
        Vaults |   4761 |   4667 |     94 |   1515 |   2115 |   3 | 1587.0 |
        Bazaar |     84 |     84 |      0 |     69 |      0 |   1 |   84.0 |
        Bailey |    478 |    478 |      0 |    151 |     44 |   1 |  478.0 |
    Desolation |    560 |    560 |      0 |    348 |      0 |   1 |  560.0 |
               +--------+--------+--------+--------+--------+-----+--------+

Top non-repeatable levels by time:
 Snake:4: 2942 daAuts
    D:13: 2408 daAuts
Vaults:1: 2393 daAuts
Vaults:2: 2156 daAuts
    D:12: 2049 daAuts
Shoals:3: 2010 daAuts
 Snake:1: 1862 daAuts
Shoals:4: 1834 daAuts
  Lair:5: 1814 daAuts
 Snake:2: 1506 daAuts
     D:4: 1497 daAuts
    D:14: 1384 daAuts
   Orc:1: 1371 daAuts
     D:7: 1355 daAuts
    D:11: 1345 daAuts
